 Dungeon Crawl Stone Soup version 0.26.1-11-gd32895ea62 (webtiles) character file.

Game seed: 8762451959451540783

74 Zeld the Grasshopper (level 4, -3/29 HPs)
             Began as an Octopode Warper on May 16, 2021.
             Slain by a gnoll
             ... wielding a +0 spear
              (9 damage)
             ... on level 2 of the Dungeon.
             The game lasted 00:04:30 (2878 turns).

Zeld the Grasshopper (Octopode Warper)              Turns: 2878, Time: 00:04:31

Health: -3/29      AC:  1    Str: 11    XL:     4   Next: 28%
Magic:  1/7        EV: 13    Int: 15    God:
Gold:   76         SH:  0    Dex: 11    Spells: 0/8 levels left

rFire    . . .     SeeInvis .   a - +0 mace
rCold    . . .     Faith    .   (no shield)
rNeg     . . .     Spirit   .   (helmet restricted)
rPois    .         Reflect  .   (no amulet)
rElec    .         Harm     .   (no ring)
rCorr    .         Rampage  .   (no ring)
Will     .....                  (no ring)
Stlth    ++........             (no ring)
HPRegen  0.09/turn              (no ring)
MPRegen  0.10/turn              (no ring)
                                (no ring)
                                (no ring)

@: very slightly contaminated
A: almost no armour, stealthy swim, amphibious, 8 rings, constrict 8, camouflage
1, gelatinous body 1
a: no special abilities


You were on level 2 of the Dungeon.
You visited 1 branch of the dungeon, and saw 2 of its levels.

You collected 76 gold pieces.

Inventory:

Hand Weapons
 a - a +0 mace (weapon)
Missiles
 b - 5 boomerangs of dispersal (quivered)
Scrolls
 c - a scroll of blinking
 e - a scroll of identify {unknown}
 h - a scroll of remove curse {unknown}
 i - 2 scrolls of amnesia {unknown}
Potions
 d - a potion of might {unknown}
 f - a potion of lignification {unknown}
 g - a potion of curing {unknown}


   Skills:
 - Level 2.0 Fighting
 * Level 3.4 Maces & Flails
 - Level 1.0 Throwing
 - Level 2.3 Dodging
 + Level 2.6 Spellcasting
 + Level 3.5 Translocations


You couldn't memorise any spells.
You knew the following spells:

 Your Spells              Type           Power        Failure   Level
a - Blink                 Tloc           N/A          8%          2
b - Gell's Gravitas       Tloc           6%           14%         3
c - Lesser Beckoning      Tloc           6%           14%         3

Your spell library contained the following spells:

 Spells                   Type           Power        Failure   Level
 Teleport Other           Tloc           12%          14%         3
 Passage of Golubria      Tloc           N/A          43%         4


Dungeon Overview and Level Annotations

Branches:
Dungeon (2/15)

Altars:
Kikubaaqudgha


Innate Abilities, Weirdness & Mutations

You cannot wear most types of armour.
You are very stealthy in the water. (Stealth+)
You are amphibious.
You can wear up to eight rings at the same time.
You can use your tentacles to constrict eight enemies at once.
Your skin changes colour to match your surroundings (Stealth+).
Your rubbery body absorbs attacks. (AC +1, EV +1)


Message History

Press: ? - help, Dir - move target Gravity reorients around empty space.
The gnoll collides with the gnoll!
The gnoll hits you from afar with a +0 spear.
Unknown command.
Unknown command.
Casting: Gell's Gravitas (quite dangerous; 14% risk of failure)
Confirm with . or Enter, or press ? or * to list all spells.
The spell is quite dangerous to cast (14% risk of failure)!
Continue anyway?
Aiming: Gell's Gravitas (quite dangerous; 14% risk of failure)
Press: ? - help, Dir - move target, f - gnoll
Aim: a gnoll, wielding a +0 spear You miscast Gell's Gravitas.
You are very lightly contaminated with residual magic.
Nothing appears to happen.
The gnoll hits you from afar with a +0 spear.
* * * LOW HITPOINT WARNING * * *
The gnoll barely misses you.
You open the door.
The gnoll hits you from afar with a +0 spear!
You die...

##########.# #......# #.#
#.#.##.# #.######.#<##.#
#### #>............#
..... ###.........#####
......#...###.###..######
......#...# # #........
.........g###+###.#.#####
......#..g.@'_+...#.#
..... ##.g#######.#.#
#### #..# ### #.#.#
##.#######.#.#
#......)..#.#
##.###.#.##.#
#..........#
#######.##.########
#............


You could see 3 gnolls.

Vanquished Creatures
  2 gnolls
  4 dart slugs (D:1)
  2 ball pythons (D:1)
  2 giant cockroaches (D:1)
  5 goblins (D:1)
  8 hobgoblins
  4 jackals
  5 bats
  2 frilled lizards
  5 kobolds
  5 rats
44 creatures vanquished.

Notes
Turn   | Place    | Note
-------+----------+-------------------------------------------
     0 | D:1      | Zeld the Octopode Warper began the quest for the Orb.
     0 | D:1      | Reached XP level 1. HP: 14/14 MP: 3/3
   378 | D:1      | Reached XP level 2. HP: 5/19 MP: 5/5
   602 | D:1      | Learned a level 2 spell: Blink
   980 | D:1      | Reached XP level 3. HP: 21/24 MP: 6/6
   984 | D:1      | Learned a level 3 spell: Gell's Gravitas
  2069 | D:2      | Reached XP level 4. HP: 18/29 MP: 0/7
  2139 | D:1      | HP: 1/29 [gnoll/+0 whip (10)]
  2145 | D:1      | Learned a level 3 spell: Lesser Beckoning
  2855 | D:2      | Found an ancient bone altar of Kikubaaqudgha.
  2878 | D:2      | Slain by a gnoll

Illustrated notes

Levels and vault maps discovered:
D:1:      lightli_arrival_farm, layout_basic
D:2:      layout_basic, lemuel_doored_altar, uniq_crazy_yiuf_cottage, uniq_robin

Skill      XL: |  1  2  3 |
---------------+----------+-----
Maces & Flails | 3 |  3.4
Fighting       | |  2.0
Throwing       | |  1.0
Dodging        | |  2.3
Spellcasting   | |  2.6
Translocations | |  3.5

Action                   |  1- 3 |  4- 6 || total
-------------------------+-------+-------++-------
Melee: Mace              |    63 |    12 ||    75
       Constrict         |    21 |     5 ||    26
       Tentacles         |    10 |       ||    10
 Cast: Blink             |     3 |     1 ||     4
       Gell's Gravitas   |     1 |     2 ||     3
 Stab: Sleeping          |       |     1 ||     1
Armor: Skin              |     8 |     1 ||     9
Dodge: Dodged            |    41 |    20 ||    61
